 Dungeon Crawl Stone Soup version 0.20.1-1-g8b1a95d (webtiles) character file.

139 dvd the Magician (level 5, -2/28 HPs)
             Began as a Deep Elf Fire Elementalist on Sept 21, 2017.
             Slain by an adder (3 damage)
             ... on level 3 of the Dungeon.
             The game lasted 00:06:03 (2798 turns).

dvd the Magician (Deep Elf Fire Elementalist)       Turns: 2798, Time: 00:06:04

Health: -2/28      AC:  2    Str:  5    XL:     5   Next: 1%
Magic:  14/14      EV: 13    Int: 26    God:
Gold:   161        SH:  0    Dex: 15    Spells: 6/13 levels left

rFire    . . .     SeeInvis .   o - +2 dagger (drain)
rCold    . . .     Gourm    .   (no shield)
rNeg     . . .     Faith    .   a - +0 robe
rPois    .         Spirit   .   (no helmet)
rElec    .         Reflect  .   (no cloak)
rCorr    .         Harm     .   (no gloves)
MR       .....                  (no boots)
Stlth    ++........             (no amulet)
Regen    0.1/turn               (no ring)
MPRegen  0.2/turn               (no ring)

@: brilliant, lethally poisoned (-2 -> -4), hasted, very quick
A: no striking features
a: no special abilities


You were on level 3 of the Dungeon.
You were not hungry.

You visited 1 branch of the dungeon, and saw 3 of its levels.

You collected 161 gold pieces.

Inventory:

Hand Weapons
 o - a +2 dagger of draining (weapon)
 s - a +0 dagger of speed
Armour
 a - a +0 robe (worn)
Wands
 u - a wand of lightning (3/15)
Scrolls
 e - 2 scrolls of immolation {unknown}
 j - 2 scrolls of teleportation {unknown}
 m - a scroll of blinking {unknown}
 n - a scroll of recharging {unknown}
 r - a scroll of random uselessness {unknown}
 v - 2 scrolls of enchant armour {unknown}
 x - 2 scrolls of identify {unknown}
Potions
 d - 2 potions of brilliance
 g - 2 potions of heal wounds {unknown}
 h - 2 potions of haste
 k - a potion of cancellation {unknown}
 l - a potion of flight {unknown}
 p - a potion of curing {unknown}
 q - a potion of resistance {unknown}
 t - a potion of ambrosia {unknown}
 z - a potion of might {unknown}
Books
 b - a book of Flames

   Spells                             Type                      Level
   a - Flame Tongue                   Conjuration/Fire             1
   b - Throw Flame                    Conjuration/Fire             2
   c - Conjure Flame                  Conjuration/Fire             3
   d - Inner Flame                    Hexes/Fire                   3
   e - Sticky Flame                   Conjuration/Fire             4
   f - Fireball                       Conjuration/Fire             5
Comestibles
 c - a bread ration
 f - 3 royal jellies
 i - 2 meat rations
 w - 5 chunks of flesh


   Skills:
 + Level 2.8 Dodging
 + Level 2.7 Stealth
 + Level 4.8 Spellcasting
 + Level 2.3 Conjurations
 + Level 4.5 Fire Magic


You had 6 spell levels left.
You knew the following spells:

 Your Spells              Type           Power        Failure   Level  Hunger
a - Flame Tongue          Conj/Fire      #####        1%          1    None
b - Throw Flame           Conj/Fire      #####.       1%          2    None
c - Sticky Flame          Conj/Fire      #####...     2%          4    ####...


Dungeon Overview and Level Annotations

Branches:
Dungeon (3/15)

Altars:
Nemelex Xobeh

Annotations:
D:3 Grinder


Message History

You closely miss something. The adder bites you but does no damage.
Something hits you but does no damage.
A magic dart appears from out of thin air!
The magic dart hits you!
* * * LOW HITPOINT WARNING * * *
The adder closely misses you.
You bump into the rock wall.
The adder bites you.
* * * LOW HITPOINT WARNING * * *
It was a potion of brilliance.
You feel clever all of a sudden. The adder bites you.
* * * LOW HITPOINT WARNING * * *
You are lethally poisoned!
The adder poisons you! Something hits you.
* * * LOW HITPOINT WARNING * * *
It was a potion of haste.
You feel yourself speed up.
You feel less confused.
* * * LOW HITPOINT WARNING * * *
You feel sick. The adder bites you.
You die...

##..... #..#### ##.## #..#
####.######
######.......... ######
##........#....##
#....######S.#####.##......
#....#....@{## ###.##....##
#......#########...##....#
#....### #....####....#
#....# #.#### #....# #....#
######.# ####.### ######
#....>.# #......# #.######
#......## #....# #.......#
####.# #........


You could see an adder.

Vanquished Creatures
  8 adders
  3 worms
  A dart slug (D:3)
  2 leopard geckos (D:2)
  An orc (D:3)
  A ball python (D:2)
  12 bats
  A giant cockroach (D:2)
  A hobgoblin (D:1)
  4 jackals
  A frilled lizard (D:3)
  6 goblins
  13 kobolds
  6 rats
60 creatures vanquished.

Notes
Turn   | Place    | Note
-------+----------+-------------------------------------------
     0 | D:1      | dvd the Deep Elf Fire Elementalist began the quest for the Orb.
     0 | D:1      | Reached XP level 1. HP: 10/10 MP: 6/6
   327 | D:1      | Reached XP level 2. HP: 15/15 MP: 2/8
   367 | D:1      | Learned a level 2 spell: Throw Flame
  1210 | D:2      | Reached XP level 3. HP: 19/19 MP: 5/10
  1752 | D:2      | Reached XP level 4. HP: 22/24 MP: 2/11
  1839 | D:2      | Learned a level 4 spell: Sticky Flame
  1950 | D:2      | Found a sparkling altar of Nemelex Xobeh.
  2069 | D:3      | Noticed Grinder
  2755 | D:3      | Reached XP level 5. HP: 25/28 MP: 11/14
  2798 | D:3      | HP: 1/28 [poisoned by an adder]
  2798 | D:3      | Slain by an adder

Skill      XL: |  1  2  3  4 |
---------------+-------------+-----
Fire Magic     | 4 |  4.5
Spellcasting   | 4 |  4.8
Conjurations   | 2 |  2.3
Dodging        | |  2.8
Stealth        | |  2.7

Action                   |  1- 3 |  4- 6 || total
-------------------------+-------+-------++-------
Melee: Dagger            |       |     1 ||     1
 Cast: Flame Tongue      |    55 |    34 ||    89
       Throw Flame       |    18 |    25 ||    43
  Use: Potion            |       |     2 ||     2
  Eat: Chunk             |     3 |     3 ||     6
Armor: Robe              |    13 |     5 ||    18
Dodge: Dodged            |    37 |    17 ||    54
